 Dungeon Crawl Stone Soup version 0.29-a0-221-gceb61267dd (webtiles) character file.

Game seed: 9715145397365839658

12631 avis the Grappler (level 11, 0/102 HPs)
             Began as a Hill Orc Monk on Feb 27, 2022.
             Was a High Priest of Beogh.
             Slain by a minotaur
             ... wielding a +0 morningstar
              (16 damage)
             ... in a Gauntlet.
             The game lasted 02:14:03 (14344 turns).

avis the Grappler (Hill Orc Monk)                  Turns: 14344, Time: 02:14:04

Health: 0/102      AC:  2    Str: 15    XL:     11   Next: 96%
Magic:  15/17      EV: 24    Int: 14    God:    Beogh [*****.]
Gold:   676        SH:  0    Dex: 24    Spells: 12/18 levels left

rFire   . . .      SeeInvis +     - Unarmed
rCold   . . .      Faith    .   (shield currently unavailable)
rNeg    + . .      Spirit   .   (body armour currently unavailable)
rPois   x          Reflect  .   (helmet currently unavailable)
rElec   .          Harm     .   (cloak currently unavailable)
rCorr   .          Rampage  .   (gloves currently unavailable)
Will    .....      NoTele   +   (boots currently unavailable)
Stlth   ++........              l - amulet of regeneration
HPRegen 1.07/turn               G - ring "Xusuep" {rN+ Dex+6 SInv}
MPRegen 0.15/turn               t - +4 ring of slaying

@: spider-form
A: venomous fangs, walk on water, tiny
a: End Transformation, Renounce Religion, Smiting, Recall Orcish Followers, Give
Item to Named Follower


You were in a Gauntlet.
You worshipped Beogh.
Beogh was extremely pleased with you.
You were a venomous arachnid creature.
You visited 3 branches of the dungeon, and saw 15 of its levels.
You also visited: Sewer, Ossuary and Gauntlet.

You collected 991 gold pieces.
You spent 315 gold pieces at shops.

Inventory:

Hand Weapons
 a - the +3 mace of Vafon (melded) {vorpal, *Rage Int+7}
   (You found it on level 10 of the Dungeon)

   It inflicts extra damage upon your enemies.
   Int:       It affects your intelligence (+7).
   *Rage:     It berserks you when you make melee attacks (+20% chance).
 u - a +0 spear
 y - a +0 battleaxe
 A - a +0 spear
Missiles
 f - 3 boomerangs
 o - 23 poisoned darts
 p - 3 curare-tipped darts (quivered)
 U - a throwing net
Armour
 d - a +0 pair of gloves (melded)
 e - a scarf of invisibility (melded)
 h - a +0 robe (melded)
 n - a +1 helmet (melded)
 S - a +1 pair of boots (melded)
Magical Staves
 m - a staff of air
Jewellery
 i - a ring of fire
 l - an amulet of regeneration (around neck)
 t - a +4 ring of slaying (right front leg)
 G - the ring "Xusuep" (left front leg) {rN+ Dex+6 SInv}
   (You found it in a Gauntlet)

   [ring of see invisible]

   Dex:       It affects your dexterity (+6).
   rN:        It protects you from negative energy.
   SInv:      It lets you see invisible.
 N - a ring of positive energy
Wands
 b - a wand of flame (17)
 c - a wand of iceblast (12)
 j - a wand of charming (7)
Scrolls
 q - 6 scrolls of teleportation
 s - a scroll of enchant weapon
 H - 5 scrolls of vulnerability {unknown}
 I - 4 scrolls of blinking
 R - 5 scrolls of fear {unknown}
Potions
 g - 3 potions of ambrosia
 k - 8 potions of brilliance
 r - a potion of invisibility {unknown}
 v - a potion of berserk rage
 x - 4 potions of lignification
 z - 8 potions of curing
 B - 4 potions of heal wounds
 C - a potion of resistance {unknown}
 D - 2 potions of might
 E - 2 potions of cancellation
 F - 3 potions of haste
 J - 2 potions of attraction {unknown}
 P - 2 potions of flight {unknown}
 Q - a potion of magic {unknown}
 X - a potion of degeneration {unknown}
Miscellaneous
 w - a piece from Xom's chessboard (15/15)


   Skills:
 - Level 11.0 Fighting
 - Level 4.0 Axes
 - Level 5.0 Armour
 * Level 5.0 Dodging
 - Level 1.5 Stealth
 - Level 13.0 Unarmed Combat
 - Level 4.0 Spellcasting
 - Level 4.0 Transmutations
 - Level 3.0 Poison Magic
 - Level 5.0 Invocations


You had 12 spell levels left.
You knew the following spells:

 Your Spells              Type           Power      Damage    Failure   Level
a - Beastly Appendage     Tmut           28%        N/A       12%         1
e - Wereblood             Tmut           14%        N/A       16%         2
p - Spider Form           Tmut/Pois      12%        N/A       32%         3

Your spell library contained the following spells:

 Spells                   Type           Power      Damage    Failure   Level
 Magic Dart               Conj           8%         1d3       38%         1
 Pain                     Necr           8%         1d4       38%         1
 Call Imp                 Summ           2%         N/A       50%         2
 Corpse Rot               Necr/Air       4%         N/A       50%         2
 Ensorcelled Hibernation  Hex/Ice        4%         N/A       50%         2
 Mephitic Cloud           Conj/Pois/Air  5%         N/A       58%         3
 Gell's Gravitas          Tloc           2%         N/A       71%         3
 Lesser Beckoning         Tloc           2%         N/A       71%         3
 Teleport Other           Tloc           2%         N/A       71%         3
 Anguish                  Hex/Necr       1%         N/A       96%         4
 Dispel Undead            Necr           2%         3d7       96%         4
 Agony                    Necr           2%         N/A       100%        5
 Excruciating Wounds      Necr           1%         N/A       100%        5
 Death Channel            Necr           1%         N/A       100%        6


Dungeon Overview and Level Annotations

Branches:
Dungeon (12/15)            Temple (1/1) D:7            Lair (2/6) D:8
 Shoals (0/4) Lair:2       Spider (0/4) Lair:2        Sewer (visited)
Ossuary (visited)         Gauntlet (1/1)
    Orc: D:9-12

Altars:
Ashenzari
Cheibriados
Dithmenos
Elyvilon
Fedhas
Gozag
Hepliaklqana
Kikubaaqudgha
Makhleb
Nemelex Xobeh
Okawaru
Qazlal
Ru
Sif Muna
Trog
Uskayaw
Vehumet
Wu Jian
Xom
Yredelemnul
Zin
The Shining One

Shops:
D:4 :   D:8 [

Annotations:
D:3 2 runed translucent doors, drugrobin's ghost, amateur DgFi
D:6 3 runed translucent doors, cyrus's ghost, amateur VSFi Gauntlet 12 transporters, exclusion: obsidian statue


Message History

Your +1 helmet unmelds from your body.
Your +0 pair of gloves unmelds from your body.
Your +1 pair of boots unmelds from your body.
Your +0 robe unmelds from your body.
You become transparent for a moment.
You're wearing all the rings you can.
Remove which one? (? for menu, Esc to cancel) < or
N - a ring of positive energy; > or
t - a +4 ring of slaying You remove your ring of positive energy.
You feel agile.
G - the ring "Xusuep" (left hand) {rN+ Dex+6 SInv} The culicivora changes into a mana viper!
Found a book of Maledictions.
Found a gate leading back out of this place.
Casting: Spider Form (mildly dangerous; 9% risk of failure)
Confirm with . or Enter, or press ? or * to list all spells.
You turn into a venomous arachnid creature.
The +3 mace of Vafon {vorpal, *Rage Int+7} melds into your body.
Your scarf of invisibility melds into your body.
Your +1 helmet melds into your body.
Your +0 pair of gloves melds into your body.
Your +1 pair of boots melds into your body.
Your +0 robe melds into your body.
A minotaur comes into view. It is wielding a +0 morningstar.
The minotaur bellows!
The minotaur throws a javelin.
The javelin pierces through you!!
You maul the minotaur!!
The minotaur looks as sick as possible!
The minotaur is moderately wounded.
The minotaur completely misses you. The minotaur gores you!
You hit the minotaur.
The minotaur looks as sick as possible!
The minotaur is moderately wounded.
You bite the minotaur!
The minotaur is moderately wounded.
The minotaur hits you with a +0 morningstar!!
The minotaur barely misses you.
You maul the minotaur!!
The minotaur is severely wounded.
The minotaur hits you with a +0 morningstar!!
* * * LOW HITPOINT WARNING * * *
The minotaur gores you!
You die...

.................................
................≈∩≈..............
#################################
#8# #8##≈...............≈##8# #8
### ####8..©.©.©.©.©.©..8#### ##
#≈...............≈#
#####.###.###.#####
###.###.###.## #.....s.......
#.###H###.###. #............
#######'##### H# ∩ .. ⌠+ .#


You could see a minotaur (extremely poisoned).

Vanquished Creatures
  A thrashing horror (Gauntlet)
  A soul eater (Gauntlet)
  Pikel (D:3)
  Psyche (D:11)
  A komodo dragon (Lair:1)
  A kobold demonologist (D:6)
  A polar bear (Lair:2)
  Grinder (D:2)
  2 blink frogs (Lair:1)
  3 wraiths (D:10)
  3 yaks
  2 golden eyes (Gauntlet)
  A water moccasin (Lair:1)
  2 ice beasts
  2 sky beasts
  3 black bears
  3 ogres (D:4)
  2 centaurs
  A kobold brigand (Sewer)
  A lemure (D:3)
  7 bullfrogs
  A scorpion (Lair:1)
  2 killer bees (D:9)
  A hound (D:5)
  A gnoll shaman (D:5)
  An orc priest (D:10)
  Ijyb (D:3)
  2 jellies
  3 iguanas
  3 orc wizards
  8 mummies (Ossuary)
  11 gnolls
  9 adders
  3 river rats
  A white imp (D:6)
  A worm (D:5)
  4 dart slugs
  7 orcs
  12 ball pythons
  A bat (D:1)
  6 endoplasms
  3 giant cockroaches (D:3)
  2 gnoll zombies (Ossuary)
  8 goblins
  4 hobgoblins
  2 jackals
  19 kobolds
  A quokka (D:4)
  6 frilled lizards
  A hobgoblin zombie (Ossuary)
  3 kobold zombies (Ossuary)
  2 orc zombies (Ossuary)
  19 rats
188 creatures vanquished.

Vanquished Creatures (collateral kills)
  Josephine (D:10)
  A two-headed ogre (D:9)
  Sonja (D:10)
  An eye of devastation (Gauntlet)
  2 cane toads (Lair:1)
  A gargoyle (D:10)
  A polar bear (Lair:1)
  3 blink frogs (Lair:1)
  A shadow (D:11)
  A wyvern (D:10)
  2 wraiths (D:10)
  14 yaks
  2 basilisks (Lair:1)
  A steam dragon (D:8)
  3 acid dragons
  A water moccasin (D:8)
  4 orc warriors
  A black bear (Lair:1)
  2 ogres
  A centaur (D:9)
  6 bullfrogs
  3 killer bees (D:9)
  8 wights
  2 howler monkeys (D:7)
  A jelly (D:6)
  A gnoll shaman (D:6)
  2 orc priests (D:9)
  An orc wizard (D:9)
  A mummy (D:6)
  A gnoll (D:6)
  2 shadow imps
  A white imp (D:6)
  5 orcs
  2 kobold zombies (D:6)
  2 butterflies (D:7)
82 creatures vanquished.

Vanquished Creatures (others)
  An orc warrior (D:9)
  3 orc wizards
  4 orc priests
  A worm (D:3)
  12 orcs
  A bat (D:3)
  11 fungi (D:8)
  17 plants (D:8)
  36 withered plants (Gauntlet)
86 creatures vanquished.

Grand Total: 356 creatures vanquished

Notes
Turn   | Place    | Note
-------+----------+-------------------------------------------
     0 | D:1      | avis the Hill Orc Monk began the quest for the Orb.
     0 | D:1      | Reached XP level 1. HP: 19/19 MP: 1/1
   193 | D:1      | Reached XP level 2. HP: 22/27 MP: 1/3
   246 | D:1      | Learned a level 1 spell: Beastly Appendage
   369 | D:1      | Reached skill level 1 in Spellcasting
  1329 | D:2      | Reached skill level 1 in Transmutations
  1329 | D:2      | Reached XP level 3. HP: 30/33 MP: 1/4
  1363 | D:2      | Learned a level 3 spell: Spider Form
  1395 | D:2      | Reached skill level 1 in Unarmed Combat
  2048 | D:3      | Became a worshipper of Beogh the Brigand
  2048 | D:3      | Reached * piety under Beogh
  2048 | D:3      | Reached ** piety under Beogh
  2057 | D:3      | Reached skill level 2 in Unarmed Combat
  2160 | D:2      | Reached skill level 1 in Poison Magic
  2160 | D:2      | Reached XP level 4. HP: 25/40 MP: 2/5
  2935 | D:3      | Reached XP level 5. HP: 15/46 MP: 3/6
  3252 | D:3      | Reached skill level 3 in Unarmed Combat
  3264 | D:3      | Noticed Ijyb
  3276 | D:3      | Killed Ijyb
  3314 | D:3      | Noticed Grinder
  3359 | D:3      | Paralysed by Grinder for 7 turns
  3518 | D:3      | Paralysed by Grinder for 2 turns
  3823 | D:2      | Killed Grinder
  3824 | D:2      | Reached skill level 4 in Unarmed Combat
  3824 | D:2      | Reached XP level 6. HP: 41/52 MP: 3/9
  4047 | D:3      | Found a large runed translucent door.
  4048 | D:3      | Found a large runed translucent door.
  4052 | D:3      | Noticed drugrobin's ghost (amateur DgFi)
  4213 | D:3      | Found a white marble altar of Elyvilon.
  4217 | D:3      | Learned a level 2 spell: Wereblood
  4275 | D:3      | Found a basalt altar of Yredelemnul.
  4533 | D:4      | Found an opulent altar of Gozag.
  4706 | D:4      | Noticed Pikel
  4707 | D:4      | Reached skill level 5 in Unarmed Combat
  4707 | D:4      | Reached XP level 7. HP: 40/59 MP: 8/10
  4794 | D:3      | Killed Pikel
  4795 | D:3      | Reached skill level 5 in Fighting
  4795 | D:3      | Reached XP level 8. HP: 44/68 MP: 2/12
  4967 | D:4      | Found Rougirr's Self-Improvement Boutique.
  5110 | D:4      | Found a glowing drain.
  5123 | Sewer    | Entered a sewer
  5378 | Sewer    | Reached *** piety under Beogh
  5844 | D:5      | Entered Level 5 of the Dungeon
  5874 | D:5      | Found an ornate altar of the Wu Jian Council.
  5939 | D:5      | Reached skill level 6 in Unarmed Combat
  5980 | D:5      | Found an iron altar of Okawaru.
  6118 | D:5      | Reached skill level 7 in Unarmed Combat
  6354 | D:5      | Identified the +3 flail of Ytitrouz {pain, SInv}
  6419 | D:5      | Reached XP level 9. HP: 76/78 MP: 10/13
  7151 | D:6      | Found a sand-covered staircase.
  7160 | Ossuary  | Entered an ossuary
  7203 | Ossuary  | Reached **** piety under Beogh
  7453 | D:6      | Gained Borgoth as an ally
  7542 | D:6      | Noticed a kobold demonologist
  7548 | D:6      | Noticed a rust devil
  7551 | D:6      | Noticed a red devil
  7552 | D:6      | Your ally Borgoth died
  7559 | D:6      | Killed a kobold demonologist
  7636 | D:6      | Found a runed translucent gate.
  7636 | D:6      | Found a runed translucent gate.
  7636 | D:6      | Found a runed translucent gate.
  7644 | D:6      | Noticed cyrus's ghost (amateur VSFi)
  7800 | D:6      | Reached skill level 5 in Dodging
  8249 | D:6      | Found a sacrificial altar of Ru.
  8249 | D:6      | Found a shimmering altar of Xom.
  8664 | D:7      | Found a staircase to the Ecumenical Temple.
  8677 | Temple   | Entered the Ecumenical Temple
  9774 | D:8      | Found Ponlan's Antique Armour Shop.
  9840 | D:8      | Reached skill level 8 in Unarmed Combat
  9911 | D:8      | Reached XP level 10. HP: 75/88 MP: 11/14
  9919 | D:8      | Reached skill level 9 in Unarmed Combat
  9936 | D:8      | Found a staircase to the Lair.
 10474 | D:9      | You fall into a shaft and drop 3 floors!
 10486 | D:11     | Reached skill level 5 in Invocations
 10665 | D:11     | Noticed Psyche
 10678 | D:11     | Killed Psyche
 10739 | D:10     | Entered Level 10 of the Dungeon
 10810 | D:10     | Noticed Josephine
 10819 | D:10     | Killed Josephine
 10820 | D:10     | Reached skill level 10 in Unarmed Combat
 10828 | D:10     | Reached skill level 11 in Unarmed Combat
 11256 | D:9      | Reached skill level 10 in Fighting
 11462 | D:9      | Reached skill level 1 in Armour
 11462 | D:9      | Reached XP level 11. HP: 97/98 MP: 11/15
 11751 | D:8      | Bought a fine cloak for 171 gold pieces
 11751 | D:8      | Identified the +0 cloak of Hysteria {+Blink rElec rF++
                  | Int-3} (You bought it in a shop on level 8 of the Dungeon)
 11866 | D:8      | Bought an embroidered scarf for 144 gold pieces
 11976 | D:10     | Noticed a two-headed ogre
 11980 | D:9      | Killed a two-headed ogre
 12339 | D:10     | Noticed Sonja
 12345 | D:10     | Killed Sonja
 12346 | D:10     | Reached skill level 5 in Armour
 12509 | D:10     | Reached ***** piety under Beogh
 12538 | D:10     | Identified the +3 mace of Vafon {vorpal, *Rage Int+7}
 12728 | Lair:1   | Entered Level 1 of the Lair of Beasts
 13403 | Lair:1   | Reached skill level 12 in Unarmed Combat
 13883 | Lair:2   | Found a gate leading to a gauntlet.
 13896 | Gauntlet | Entered a Gauntlet
 13896 | Gauntlet | Found a transporter.
 13903 | Gauntlet | Noticed a soul eater
 13905 | Gauntlet | Found a transporter.
 13920 | Gauntlet | Found a transporter.
 13928 | Gauntlet | Found a transporter.
 13932 | Gauntlet | Noticed a thrashing horror
 13938 | Gauntlet | Noticed a reaper
 13947 | Gauntlet | Found a transporter.
 13962 | Gauntlet | Found a transporter.
 13989 | Gauntlet | Noticed a steelbarb worm
 13993 | Gauntlet | Found a transporter.
 13998 | Gauntlet | Found a transporter.
 13999 | Gauntlet | Noticed a dire elephant
 14000 | Gauntlet | Found a transporter.
 14004 | Gauntlet | Noticed an azure jelly
 14004 | Gauntlet | a dire elephant changed into an azure jelly
 14005 | Gauntlet | Noticed a frost giant
 14005 | Gauntlet | an azure jelly changed into a frost giant
 14007 | Gauntlet | Noticed a caustic shrike
 14007 | Gauntlet | a frost giant changed into a caustic shrike
 14011 | Gauntlet | Noticed an acid blob
 14011 | Gauntlet | a caustic shrike changed into an acid blob
 14013 | Gauntlet | Noticed a shock serpent
 14013 | Gauntlet | a steelbarb worm changed into a shock serpent
 14021 | Gauntlet | Noticed a sea snake
 14021 | Gauntlet | a shock serpent changed into a sea snake
 14022 | Gauntlet | Noticed a rockslime
 14022 | Gauntlet | an acid blob changed into a rockslime
 14023 | Gauntlet | Found a transporter.
 14024 | Gauntlet | Noticed a thrashing horror
 14024 | Gauntlet | Noticed a thrashing horror
 14024 | Gauntlet | Noticed an iron giant
 14024 | Gauntlet | a rockslime changed into an iron giant
 14025 | Gauntlet | Noticed a shadow dragon
 14025 | Gauntlet | an iron giant changed into a shadow dragon
 14027 | Gauntlet | Noticed a golden dragon
 14027 | Gauntlet | a shadow dragon changed into a golden dragon
 14029 | Gauntlet | Found a transporter.
 14033 | Gauntlet | Found a transporter.
 14038 | Gauntlet | Noticed an iron giant
 14038 | Gauntlet | a golden dragon changed into an iron giant
 14046 | Gauntlet | Noticed a golden dragon
 14046 | Gauntlet | an iron giant changed into a golden dragon
 14048 | Gauntlet | Noticed an acid blob
 14048 | Gauntlet | a golden dragon changed into an acid blob
 14054 | Gauntlet | Found a transporter.
 14054 | Gauntlet | Noticed an obsidian statue
 14059 | Gauntlet | Found a transporter.
 14061 | Gauntlet | Found a transporter.
 14064 | Gauntlet | Found a transporter.
 14084 | Gauntlet | Found a transporter.
 14089 | Gauntlet | Found a transporter.
 14141 | Gauntlet | Noticed a soul eater
 14200 | Gauntlet | Noticed a fire dragon
 14232 | Gauntlet | Reached skill level 13 in Unarmed Combat
 14234 | Gauntlet | Noticed an ice dragon
 14235 | Gauntlet | Noticed a goliath frog
 14252 | Gauntlet | Noticed an anaconda
 14252 | Gauntlet | an ice dragon changed into an anaconda
 14276 | Gauntlet | Killed a soul eater
 14278 | Gauntlet | Noticed a shining eye
 14284 | Gauntlet | a shining eye changed into a water nymph
 14286 | Gauntlet | Noticed a goliath frog
 14318 | Gauntlet | Killed a thrashing horror
 14324 | Gauntlet | Identified the ring "Xusuep" {rN+ Dex+6 SInv}
 14324 | Gauntlet | Noticed a harpy
 14325 | Gauntlet | a harpy changed into a yak
 14332 | Gauntlet | Noticed a mana viper
 14332 | Gauntlet | a culicivora changed into a mana viper
 14336 | Gauntlet | Noticed a minotaur
 14344 | Gauntlet | Slain by a minotaur

Illustrated notes

Levels and vault maps discovered:
D:1:      nzn_arrival_depleted_hourglass, layout_loops_corners
D:2:      layout_loops_ring
D:3:      layout_loops_ring, kennysheep_ying_yang, ebering_ghost_disaster_area,
          uniq_grinder, uniq_ijyb
D:4:      layout_rooms, mainiacjoe_overflow_concentric_impassable,
          gup_sewer_entry_bubbles, nicolae_shop_self_help, uniq_pikel
D:5:      layout_basic, okawaru_trees_2, mainiacjoe_overflow_tiny_flanked,
          serial_co_window_serial, co_window_corner_a, co_window_paths_b,
          co_window_corner_a, co_window_paths_a, co_window_paths_b,
          co_window_corner_ca, co_window_2corner, co_window_broadway_b,
          co_window_2corner, co_window_corner_b, co_window_corner_cb,
          co_window_cross_2, glass_columns_b, glass_columns_c, glass_columns_a,
          glass_columns_c, glass_columns_a
D:6:      layout_cave_pools, mainiacjoe_overflow_divided_tiny,
          nicolae_ossuary_entry_giza, gammafunk_ghost_split,
          nicolae_zen_rock_garden
D:7:      layout_basic, minmay_temple_entry_butterflies
D:8:      layout_loops_ring, grunt_lair_entry_orc_guard_hut, serial_shops,
          nicolae_shop_temple_entry_statues_fountains, hex_large
D:9:      layout_layer_cave
D:10:     layout_irregular_city, uniq_sonja, uniq_josephine
D:11:     layout_long_grid, uniq_urug, uniq_lodul, uniq_psyche
D:12:     minmay_opposing_rooms, layout_basic, minmay_orc_entry_temple_small,
          grunt_dithmenos_shadows
Temple:   regret_index_temple_waves
Lair:1:   layout_cave_pods, beast_lair_carwin_10
Lair:2:   regret_index_harrowing_hell_hive, layout_misc_corridors,
          shoals_dummy_entry, nicolae_spider_entry_tight_spaces,
          gauntlet_entry_generic, st_stairs_5
Gauntlet: gammafunk_gauntlet_one_two_three
          [gammafunk_gauntlet_arena_split_diamond,
          nicolae_gauntlet_arena_t_cross, gammafunk_gauntlet_arena_spirals,
          gammafunk_gauntlet_arena_arrow_garden, nicolae_gauntlet_arena_grate_2,
          nicolae_gauntlet_arena_quarters, nicolae_gauntlet_arena_flowing_pool,
          nicolae_gauntlet_arena_blocks, gammafunk_gauntlet_arena_hedges,
          gauntlet_exit_hidden_loot]

Skill      XL: |  1  2  3  4  5  6  7  8  9 10 11 |
---------------+----------------------------------+-----
Fighting       | 4 5 6 8 10 11 | 11.0
Spellcasting   | 1 2 3 4 |  4.0
Transmutations | 1 2 3 4 |  4.0
Unarmed Combat | 2 4 5 7 8 11 13 | 13.0
Poison Magic   | 1 2 3 |  3.0
Invocations    | 3 5 |  5.0
Dodging        | 3 5 |  5.0
Armour         | 1 5 |  5.0
Axes           | |  4.0
Stealth        | |  1.5

Action                   |  1- 3 |  4- 6 |  7- 9 | 10-12 || total
-------------------------+-------+-------+-------+-------++-------
Melee: Hand axe          |    67 |    41 |     2 |       ||   110
       Kick              |     8 |     5 |    16 |       ||    29
       Headbutt          |     7 |     3 |     6 |       ||    16
       Punch             |     3 |       |     2 |       ||     5
       Unarmed           |       |    52 |   244 |   166 ||   462
       Whip              |       |       |    59 |       ||    59
       Flail             |       |       |     8 |       ||     8
       Staff             |       |       |     3 |       ||     3
 Fire: Hunting sling     |     9 |       |    16 |       ||    25
 Cast: Beastly Appendage |    23 |     9 |    12 |       ||    44
       Spider Form       |       |    12 |    54 |    44 ||   110
Invok: Convert to Beogh  |     1 |       |       |       ||     1
       Smiting           |       |     1 |       |       ||     1
       Recall Orcish Fol |       |       |     6 |     8 ||    14
       Stop Recall       |       |       |     3 |     3 ||     6
 Abil: End Transformatio |       |       |       |     1 ||     1
  Use: Scroll            |       |     5 |     7 |     6 ||    18
       Potion            |       |       |       |     1 ||     1
 Stab: Sleeping          |     7 |     1 |       |     2 ||    10
       Distracted        |       |       |     1 |     1 ||     2
Armor: Robe              |    18 |    13 |     5 |     4 ||    40
       Skin              |       |     9 |     6 |     3 ||    18
Dodge: Dodged            |    30 |    64 |   241 |   261 ||   596

Table legend: (Time is in decaauts)
 A = Elapsed time spent in this place.
 B = Non-inter-level travel time spent in this place.
 C = Inter-level travel time spent in this place.
 D = Time resting spent in this place.
 E = Time spent auto-exploring this place.
 F = Levels seen in this place.
 G = Mean time per level.
                   A        B        C        D        E       F      G
               +--------+--------+--------+--------+--------+-----+--------+
         Total |  14380 |  12889 |   1491 |   2929 |   5051 |  18 |  798.9 |
       Dungeon |  11965 |  10582 |   1383 |   2853 |   4564 |  12 |  997.1 |
        Temple |    232 |    170 |     62 |      0 |      0 |   1 |  232.0 |
          Lair |   1031 |    985 |     46 |     12 |    466 |   2 |  515.5 |
         Sewer |    443 |    443 |      0 |     64 |     21 |   1 |  443.0 |
       Ossuary |    267 |    267 |      0 |      0 |      0 |   1 |  267.0 |
      Gauntlet |    440 |    440 |      0 |      0 |      0 |   1 |  440.0 |
               +--------+--------+--------+--------+--------+-----+--------+

Top non-repeatable levels by time:
     D:2: 2402 daAuts
     D:7: 1303 daAuts
     D:3: 1301 daAuts
     D:1: 1231 daAuts
     D:5: 1214 daAuts
     D:6: 1073 daAuts
     D:8: 1029 daAuts
  Lair:1: 1013 daAuts
     D:9: 792 daAuts
    D:10: 777 daAuts
     D:4: 579 daAuts
   Sewer: 443 daAuts
Gauntlet: 440 daAuts
 Ossuary: 267 daAuts
    D:11: 254 daAuts
